 Dungeon Crawl Stone Soup version 0.25-a0-109-ge9c0e85935 (webtiles) character file.

Game seed: 5904774892536763899, levelgen mode: deterministic

166 vurker the Skirmisher (level 5, 0/43 HPs)
             Began as a Formicid Abyssal Knight on Nov 18, 2019.
             Was a Believer of Lugonu.
             Slain by an ogre
             ... wielding a +0 giant club
              (16 damage)
             ... on level 3 of the Dungeon.
             The game lasted 00:03:56 (2736 turns).

vurker the Skirmisher (Formicid Abyssal Knight)     Turns: 2736, Time: 00:03:57

Health: 0/43       AC:  6    Str: 18    XL:     5   Next: 76%
Magic:  7/7        EV: 10    Int: 11    God:    Lugonu [**....]
Gold:   120        SH:  0    Dex: 10    Spells: 4/4 levels left

rFire    . . .     SeeInvis +   a - +2 hand axe
rCold    . . .     Gourm    .   (no shield)
rNeg     . . .     Faith    .   g - +1 ring mail
rPois    .         Spirit   .   (helmet unavailable)
rElec    .         Reflect  .   (no cloak)
rCorr    .         Harm     .   (no gloves)
MR       .....                  (no boots)
Stlth    ..........             (no amulet)
HPRegen  0.14/turn              h - +2 ring of slaying
MPRegen  0.10/turn              (no ring)

@: no status effects
A: permanent stasis, dig shafts and tunnels, four strong arms, antennae 3
a: Dig, Shaft Self, Depart the Abyss, Bend Space, Renounce Religion


You were on level 3 of the Dungeon.
You worshipped Lugonu.
Lugonu was pleased with you.
You were not hungry.

You visited 1 branch of the dungeon, and saw 3 of its levels.
You visited the Abyss 1 time.

You collected 120 gold pieces.

Inventory:

Hand Weapons
 a - a +2 hand axe (weapon)
Armour
 g - a +1 ring mail (worn)
   (You found it on level 1 of the Dungeon)
 k - a cursed +0 leather armour
   (You found it on level 3 of the Dungeon)
Jewellery
 h - a +2 ring of slaying (left hand)
   (You found it on level 2 of the Dungeon)
Scrolls
 b - 2 scrolls of remove curse
Potions
 c - a potion of ambrosia {unknown}
 d - a potion of haste {unknown}
 f - 2 potions of curing {unknown}
 i - 3 potions of resistance
 j - a potion of agility {unknown}
 m - a potion of brilliance {unknown}
 n - a potion of lignification {unknown}
Comestibles
 e - 5 rations
 l - 4 chunks of flesh


   Skills:
 + Level 4.3 Fighting
 * Level 4.1 Axes
 - Level 2.1 Armour
 - Level 0.8 Dodging
 + Level 3.6 Invocations


You had 4 spell levels left.
You didn't know any spells.
Your spell library was empty.

Dungeon Overview and Level Annotations

Branches:
Dungeon (3/15)

Altars:


Innate Abilities, Weirdness & Mutations

You cannot be hasted, slowed, berserked, paralysed or teleported.
You can dig through walls and to a lower floor.
Your four strong arms can wield two-handed weapons with a shield.
You have a pair of large antennae on your head. (SInv)


Message History

No target in view!
No target in view!
No target in view!
No target in view!
No target in view!
No target in view!
No target in view!
No target in view!
No target in view!
No target in view!
No target in view!
No target in view!
You feel sick.
You feel sick.
You feel sick.
You are no longer poisoned.
You butcher the adder corpse.
l - 4 chunks of flesh (gained 2)
You see here an adder skeleton. x2
Found a glowing blue potion.
n - a glowing blue potion
Found an escape hatch in the floor.
You open the door.
There is an open door here.
Found 17 stones.
Found a stone staircase leading down.
The bat is too close now for your liking.
There is an open door here.
A bat is nearby!
A bat is nearby!
A bat is nearby!
The bat hits you.
The ogre shouts!
You slash the bat!
You kill the bat!
Lugonu accepts your kill.
You hear an angry hiss.
You see here a bat corpse.
An adder comes into view.
The adder hisses angrily.
The adder moves out of view.
You hit the ogre. The ogre hits you with a +0 giant club!
You barely miss the ogre. The ogre closely misses you.
You barely miss the ogre. You hit the ogre.
The ogre hits you with a +0 giant club!!
* * * LOW HITPOINT WARNING * * *
You hit the ogre. The ogre hits you but does no damage.
You slash the ogre! The ogre hits you with a +0 giant club!
You die...

#.....# ##'# #.###.###.#
##.#.#.# ##...## #.........#
#..<.#.# ##.....##
#####.##### #..#.# #
##.......## ##..# #......
#.......>.####...##
.........'.........'.......#
###....###.........####...##
#.#.# #......†## #(.## ##.#
##....@## #.## .# ##..O##
#.# #...S #.# #.#.. #.# #
#.. .# ... .#.. ....


You could see an ogre and an adder.

Vanquished Creatures
  An ogre (D:3)
  2 adders
  An ooze (D:1)
  4 worms
  A dart slug (D:1)
  A leopard gecko (D:2)
  A giant cockroach (D:1)
  5 goblins
  8 hobgoblins
  9 kobolds
  A quokka (D:2)
  7 bats
  4 frilled lizards
  7 rats
52 creatures vanquished.

Notes
Turn   | Place    | Note
-------+----------+-------------------------------------------
     0 | Abyss:1  | vurker the Formicid Abyssal Knight began the quest for the
                  | Orb.
     0 | Abyss:1  | Reached XP level 1. HP: 18/18 MP: 2/2
    24 | D:1      | Escaped the Abyss
   165 | D:1      | Reached XP level 2. HP: 24/24 MP: 3/3
   355 | D:1      | Reached XP level 3. HP: 26/29 MP: 4/4
  1360 | D:2      | Reached XP level 4. HP: 35/37 MP: 6/6
  1465 | D:2      | Reached ** piety under Lugonu
  2007 | D:3      | Noticed an ogre
  2390 | D:3      | Noticed an ogre
  2404 | D:3      | Killed an ogre
  2404 | D:3      | Reached XP level 5. HP: 25/42 MP: 7/7
  2736 | D:3      | Slain by an ogre

Levels and vault maps discovered:
D:1:      lightli_arrival_statuegarden, layout_basic
D:2:      layout_basic, minmay_quadrilaterals
D:3:      layout_loops_corners, gammafunk_temple_overflow_statue

Skill      XL: |  1  2  3  4 |
---------------+-------------+-----
Axes           | 3 4 |  4.1
Invocations    | 3 |  3.6
Fighting       | 4 |  4.3
Armour         | |  2.1
Dodging        | |  0.8

Action                   |  1- 3 |  4- 6 || total
-------------------------+-------+-------++-------
Melee: Hand axe          |    77 |    60 ||   137
  Use: Scroll            |     7 |     2 ||     9
  Eat: Chunk             |     1 |     2 ||     3
       Ration            |       |     1 ||     1
Armor: Leather armour    |     4 |       ||     4
       Ring mail         |    32 |    16 ||    48
Dodge: Dodged            |    40 |    35 ||    75

Table legend:
 A = Non-vault XP
 B = Vault XP
 C = Vault XP percentage of total XP
 D = Non-vault monster count
 E = Vault monster count
 F = Vault count percentage of total count
                 A         B        C        D         E       F
            +---------+---------+-------+---------+---------+-------
      Total |     214 |      24 |  10.1 |      47 |       5 |   9.6
            +---------+---------+-------+---------+---------+-------
        D:1 |      36 |       0 |   0.0 |      18 |       0 |   0.0
        D:2 |      35 |      24 |  40.7 |      19 |       5 |  20.8
        D:3 |     143 |       0 |   0.0 |      10 |       0 |   0.0
            +---------+---------+-------+---------+---------+-------
